 Dungeon Crawl Stone Soup version 0.21-a0-404-g291f19a (webtiles) character file.

389 exp172 the Magician (level 6, 0/42 HPs)
             Began as a Spriggan Conjurer on Oct 27, 2017.
             Succumbed to a worker ant's poison
             ... on level 3 of the Dungeon on Oct 31, 2017.
             The game lasted 00:30:28 (4874 turns).

exp172 the Magician (Spriggan Conjurer)             Turns: 4874, Time: 00:30:29

Health: 0/42       AC:  2    Str:  9    XL:     6   Next: 50%
Magic:  10/16      EV: 19    Int: 19    God:
Gold:   171        SH:  0    Dex: 16    Spells: 10/17 levels left

rFire    . . .     SeeInvis +   t - +1 dagger (flame)
rCold    . . .     Gourm    .   (shield restricted)
rNeg     . . .     Faith    .   x - +0 robe
rPois    .         Spirit   .   (helmet restricted)
rElec    .         Reflect  .   (no cloak)
rCorr    .         Harm     .   (gloves unavailable)
MR       ++...                  (boots unavailable)
Stlth    ..........             q - amulet of rage
HPRegen  0.14/turn              k - ring of protection from magic
MPRegen  0.15/turn              (no ring)

@: berserking, lethally poisoned (0 -> -2), very quick
A: unfitting armour, see invisible, herbivore 3, speed 3, slow metabolism 2
a: Evoke Berserk Rage


You were on level 3 of the Dungeon.
You were full.

You visited 1 branch of the dungeon, and saw 4 of its levels.

You collected 171 gold pieces.

Inventory:

Hand Weapons
 i - a +0 dagger
 m - a +0 dagger of venom
 t - a +1 dagger of flaming (weapon)
Missiles
 g - 111 stones
 r - 4 silver tomahawks (quivered)
 w - 27 sling bullets
Armour
 x - a +0 robe (worn)
Jewellery
 k - a ring of protection from magic (left hand)
 q - an amulet of rage (around neck)
 u - an uncursed amulet of the gourmand {unknown}
Scrolls
 d - a scroll of enchant armour {unknown}
 h - a scroll of blinking {unknown}
 j - a scroll of teleportation {unknown}
 p - 3 scrolls of identify {unknown}
 s - a scroll of immolation {unknown}
 v - a scroll of noise {unknown}
Potions
 n - a potion of magic {unknown}
 o - a potion of agility {unknown}
Books
 b - a book of Conjurations

   Spells                             Type                      Level
   a - Magic Dart                     Conjuration                  1
   b - Searing Ray                    Conjuration                  2
   c - Dazzling Spray                 Conjuration/Hexes            3
   d - Fulminant Prism                Conjuration/Hexes            4
   e - Force Lance                    Conjuration/Translocation    4
   f - Iskenderun's Mystic Blast      Conjuration                  4
Comestibles
 c - 4 bread rations
 f - 4 royal jellies
 l - a meat ration


   Skills:
 + Level 0.3 Fighting
 + Level 1.4 Short Blades
 - Level 0.1 Throwing
 + Level 3.6 Dodging
 + Level 3.6 Stealth
 * Level 6.1 Spellcasting
 + Level 4.2 Conjurations


You had 10 spell levels left.
You knew the following spells:

 Your Spells              Type           Power        Failure   Level  Hunger
a - Magic Dart            Conj           ###.         1%          1    None
b - Searing Ray           Conj           ###...       3%          2    None
c - Iskenderun's Mystic   Conj           ###.....     19%         4    ####...


Dungeon Overview and Level Annotations

Branches:
Dungeon (4/15)
 Temple: D:4-7

Altars:
Uskayaw


Innate Abilities, Weirdness & Mutations

You are very small and have problems with some larger weapons.
You are too small for most types of armour.
You have supernaturally acute eyesight. (SInv)
You are a herbivore.
You cover ground extremely quickly.
You need consume almost no food.


Message History

The worker ant misses you.
The gnoll hits you from afar with a spear.
* * * LOW HITPOINT WARNING * * *
The worker ant bites you.
* * * LOW HITPOINT WARNING * * *
* * * LOW HITPOINT WARNING * * *
You feel sick.
* * * LOW HITPOINT WARNING * * *
You feel sick.
There is a stone staircase leading up here.
* * * LOW HITPOINT WARNING * * *
You feel sick.
You climb upwards.
There is a stone staircase leading down here.
It was a potion of berserk rage.
A red film seems to cover your vision as you go berserk!
You feel yourself moving faster!
You feel mighty!
You are too berserk!
You feel a strong urge to attack something.
You die...

##.#### ##...## ###.#.
#.....# ##+## #..###
#.....# #.# #.## #
#.....# ###.######
#..### ##.....##
#........# #.#.#.
#.......# #....###.#
#.##.. #.#####.#
#.....##.# #...). #.#
#.#####......#.#######.
#.#
#.....@>...#...........
#.#
#.#####.##...#.########
#.#####.# #.######.#
#.......# #.######.#
######### #........#
##########


There were no monsters in sight!

Vanquished Creatures
  An ogre (D:3)
  A howler monkey (D:3)
  An orc wizard (D:4)
  Jessica (D:3)
  A worker ant (D:4)
  Robin (D:3)
  4 gnolls (D:4)
  3 adders
  3 oozes
  2 worms
  2 dart slugs
  4 leopard geckos
  9 orcs
  2 giant cockroaches
  10 hobgoblins
  4 jackals
  4 quokkas
  10 bats
  3 frilled lizards
  10 goblins
  5 kobolds
  A quokka skeleton (D:4)
  5 rats
87 creatures vanquished.

Notes
Turn   | Place    | Note
-------+----------+-------------------------------------------
     0 | D:1      | exp172 the Spriggan Conjurer began the quest for the Orb.
     0 | D:1      | Reached XP level 1. HP: 9/9 MP: 5/5
   272 | D:1      | Reached XP level 2. HP: 13/13 MP: 0/6
   369 | D:1      | Learned a level 2 spell: Searing Ray
   438 | D:1      | Reached skill level 3 in Spellcasting
  1480 | D:2      | Found a faded altar of an unknown god.
  1642 | D:2      | Reached XP level 3. HP: 16/16 MP: 3/8
  2382 | D:2      | You fall through a shaft!
  2405 | D:3      | Noticed Robin
  2419 | D:3      | Killed Robin
  2419 | D:3      | Reached XP level 4. HP: 19/21 MP: 2/10
  2620 | D:3      | Reached skill level 4 in Spellcasting
  2812 | D:3      | Reached skill level 1 in Short Blades
  2812 | D:3      | Reached XP level 5. HP: 24/24 MP: 5/12
  3501 | D:3      | Noticed Jessica
  3505 | D:3      | Killed Jessica
  3505 | D:3      | Reached skill level 5 in Spellcasting
  3775 | D:3      | Found a hide-covered altar of Uskayaw.
  4063 | D:4      | Noticed an ogre
  4109 | D:3      | Learned a level 4 spell: Iskenderun's Mystic Blast
  4164 | D:3      | Killed an ogre
  4164 | D:3      | Reached XP level 6. HP: 3/28 MP: 6/15
  4700 | D:4      | Reached skill level 6 in Spellcasting
  4871 | D:4      | HP: 1/28 [poisoned by a worker ant]
  4874 | D:3      | Succumbed to a worker ant's poison

Vault maps used:
D:1:      sevenhm_arrival_forest_fort_large_4
D:2:      chequers_ecumenical_altar_island, first_bread, minmay_close_crescents
D:3:      old_standard_altar, uniq_jessica, uniq_robin
D:4:      lemuel_crystal_altar, minmay_overflow_temple_hex, uniq_duvessa

Skill      XL: |  1  2  3  4  5  6 |
---------------+-------------------+-----
Conjurations   | 3 4 |  4.2
Spellcasting   | 3 4 5 6 |  6.1
Short Blades   | 1 |  1.4
Fighting       | |  0.3
Throwing       | |  0.1
Dodging        | |  3.6
Stealth        | |  3.6

Action                   |  1- 3 |  4- 6 || total
-------------------------+-------+-------++-------
Melee: Dagger            |    12 |    13 ||    25
Throw: Stone             |     3 |       ||     3
       Tomahawk          |       |     1 ||     1
 Cast: Magic Dart        |    92 |   117 ||   209
       Searing Ray       |     2 |     5 ||     7
  Use: Potion            |       |     1 ||     1
  Eat: Bread ration      |       |     1 ||     1
Armor: Robe              |     1 |     7 ||     8
Dodge: Dodged            |    13 |    33 ||    46

Table legend:
 A = Spawn XP
 B = Non-spawn XP
 C = Spawn XP percentage of total XP
 D = Spawn monster count
 E = Non-spawn monster count
 F = Spawn count percentage of total count
 G = Total turns spent on level
                    A         B        C        D         E        F      G
               +---------+---------+-------+---------+---------+-------+---------
         Total |       0 |     557 |   0.0 |       0 |      87 |   0.0 |  4874
               +---------+---------+-------+---------+---------+-------+---------
           D:1 |       0 |      35 |   0.0 |       0 |      16 |   0.0 |  1480
           D:2 |       0 |      53 |   0.0 |       0 |      17 |   0.0 |   902
           D:3 |       0 |     321 |   0.0 |       0 |      41 |   0.0 |  2140
           D:4 |       0 |     148 |   0.0 |       0 |      13 |   0.0 |   352
               +---------+---------+-------+---------+---------+-------+---------
